 Dungeon Crawl Stone Soup version 0.28.0-53-g5a82cb258f (webtiles) character file.

Game seed: 4410020325823484679

1199 LynnLen the Covert (level 8, -3/52 HPs)
             Began as a Vampire Enchanter on July 30, 2022.
             Was an Initiate of Yredelemnul.
             Slain by a thrashing horror (7 damage)
             ... on level 1 of the Abyss.
             The game lasted 00:19:10 (6202 turns).

LynnLen the Covert (Vampire Enchanter)              Turns: 6202, Time: 00:19:10

Health: -3/52      AC: 10    Str:  7    XL:     8   Next: 20%
Magic:  14/14      EV: 32    Int: 26    God:    Yredelemnul [......]
Gold:   232        SH:  0    Dex: 16    Spells: 4/15 levels left

rFire   + . .      SeeInvis +   a - +4 dagger
rCold   x . .      Faith    .   (no shield)
rNeg    . . .      Spirit   .   x - +3 leather armour
rPois   .          Reflect  .   l - +0 helmet
rElec   .          Harm     .   o - +0 cloak
rCorr   .          Rampage  .   i - +1 pair of gloves
Will    .....                   (no boots)
Stlth   +++++.....              k - amulet of the acrobat
HPRegen 0.37/turn               q - ring "Giyq" {Fire *Corrode Int+8 SInv Stlth+}
MPRegen 0.14/turn               e - +4 ring of evasion

@: acrobatic, healing quickly
A: alive, fangs 3, see invisible, vampiric 2, [screaming 2]
a: Exsanguinate, Renounce Religion, Recall Undead Harvest


You were on level 1 of the Abyss.
You worshipped Yredelemnul.
Yredelemnul was noncommittal.
You visited 2 branches of the dungeon, and saw 8 of its levels.
You visited the Abyss 1 time.

You collected 232 gold pieces.

Inventory:

Hand Weapons
 a - a +4 dagger (weapon)
 t - a +4 spear
Missiles
 g - 9 boomerangs (quivered)
Armour
 i - a +1 pair of gloves (worn)
 l - a +0 helmet (worn)
 o - a +0 cloak (worn)
 x - a +3 leather armour (worn)
Jewellery
 e - a +4 ring of evasion (right hand)
 k - an amulet of the acrobat (around neck)
 n - a +6 ring of intelligence
 q - the ring "Giyq" (left hand) {Fire *Corrode Int+8 SInv Stlth+}
   (You acquired it on level 4 of the Dungeon)

   [ring of fire]

   It enhances your fire magic.
   Int:       It affects your intelligence (+8).
   rF:        It protects you from fire.
   rC:        It makes you vulnerable to cold.
   SInv:      It lets you see invisible.
   *Corrode:  It may corrode you when you take damage.
   Stlth:     It makes you more stealthy.
Wands
 c - a wand of polymorph (15)
Scrolls
 b - a scroll of magic mapping
 m - 2 scrolls of fear
 s - a scroll of immolation
 v - a scroll of blinking {unknown}
 w - a scroll of teleportation
 y - a scroll of amnesia
Potions
 d - a potion of haste
 f - 2 potions of might
 h - a potion of magic
 j - a potion of brilliance {unknown}
 p - a potion of ambrosia
 u - 2 potions of lignification {unknown}
 z - 2 potions of attraction {unknown}
 A - a potion of mutation {unknown}


   Skills:
 * Level 5.2 Short Blades
 * Level 5.2 Dodging
 * Level 9.8 Stealth
 * Level 4.1 Spellcasting
 + Level 5.7 Hexes


You had 4 spell levels left.
You knew the following spells:

 Your Spells              Type           Power      Damage    Failure   Level
a - Confusing Touch       Hex            35%        N/A       3%          3
b - Ensorcelled Hibernat  Hex/Ice        40%        N/A       6%          2
c - Tukima's Dance        Hex            35%        N/A       3%          3
d - Dazzling Flash        Conj/Hex       40%        N/A       12%         3

Your spell library contained the following spells:

 Spells                   Type           Power      Damage    Failure   Level
 Sting                    Tmut/Pois      20%        1d4       13%         1
 Poisonous Vapours        Pois/Air       10%        N/A       19%         2
 Ignite Poison            Fire/Tmut/Pois 8%         N/A       36%         3
 Mephitic Cloud           Conj/Pois/Air  5%         N/A       36%         3
 Olgreb's Toxic Radiance  Pois           5%         N/A       77%         4
 Freezing Cloud           Conj/Ice/Air   2%         6-21      98%         5


Dungeon Overview and Level Annotations

Branches:
Dungeon (7/15)             Temple (1/1) D:4

Altars:
Dithmenos
Fedhas
Kikubaaqudgha
Makhleb
Okawaru
Qazlal
Ru
Wu Jian
Yredelemnul
The Shining One
Beogh


Innate Abilities, Weirdness & Mutations

Your natural rate of healing is accelerated.
You have razor-sharp teeth.
You have supernaturally acute eyesight. (SInv)
You are afflicted with vampirism and can become a bat while bloodless.
[You frequently scream uncontrollably at your foes.]


Message History

The smoke demon roars!
The white imp gestures at you. The puff of frost hits you!
You feel a terrible chill!
A large abomination comes into view.
The thrashing horror completely misses you. x2
The thrashing horror misses you.
The thrashing horror completely misses you.
The thrashing horror roars!
The thrashing horror tramples you.
You hold your ground!
The thrashing horror closely misses you.
The white imp gestures at you. The puff of frost hits you!
You feel a terrible chill!
* * * LOW HITPOINT WARNING * * *
The sixfirhy barely misses you.
A large abomination comes into view.
The thrashing horror completely misses you.
The thrashing horror misses you. The small abomination misses you.
The small abomination completely misses you.
The small abomination misses you.
A tentacled starspawn comes into view.
The small abomination completely misses you.
The small abomination hits you!
* * * LOW HITPOINT WARNING * * *
The sixfirhy completely misses you.
The sixfirhy misses you. x2; The sixfirhy closely misses you.
The small abomination completely misses you.
The sixfirhy completely misses you.
The sixfirhy hits you but does no damage.
The sixfirhy misses you. The thrashing horror tramples you.
* * * LOW HITPOINT WARNING * * *
You hold your ground!
The thrashing horror tramples you.
* * * LOW HITPOINT WARNING * * *
You hold your ground!
A tentacle flies out from the starspawn's body!
A starspawn tentacle comes into view.
The thrashing horror completely misses you.
The thrashing horror tramples you!
You die...
Yredelemnul claims you as an undead slave.

#....###....##
#.## ##
#...#.#.#..# ..
... ##
#.....3##....# #
# # .
#.......#.#..#
..# .. #.. #
##..##.##.# . #.
.
.....#.#w....#ยง
# #.#
.......xX3.###.
. ..
##..#..##X#.###
. .#.. ##.
##@..## .. ..
#....# . .##
.#.##.# .. .. ..
... .. ... ...
.. ..# .##. ##..
.. #. ..# .. ..
...


You could see a tentacled starspawn, a thrashing horror, a sixfirhy, a small
abomination and a starspawn tentacle.

Vanquished Creatures
  Sigmund (D:2)
  Eustachio (D:4)
  A necrophage (D:7)
  A sky beast (D:6)
  An ogre (D:4)
  A scorpion (D:5)
  A bullfrog zombie (D:6)
  An orc priest (D:3)
  Crazy Yiuf (D:2)
  2 hounds
  A bullfrog skeleton (D:5)
  Ijyb (D:3)
  7 iguanas
  A hound skeleton (D:4)
  2 adders
  An ufetubus (D:5)
  7 orcs (D:3)
  4 ball pythons
  5 bats
  10 endoplasms
  4 giant cockroaches
  11 goblins
  8 hobgoblins
  2 jackals (D:4)
  5 kobolds
  A quokka (D:2)
  2 frilled lizards
  A jackal zombie (D:4)
  10 rats
94 creatures vanquished.

Vanquished Creatures (collateral kills)
  Blork the orc (D:4)
  A gnoll (D:7)
  An adder (D:6)
  A quokka (D:4)
4 creatures vanquished.

Vanquished Creatures (others)
  A goblin zombie (D:4)
1 creature vanquished.

Grand Total: 99 creatures vanquished

Notes
Turn   | Place    | Note
-------+----------+-------------------------------------------
     0 | D:1      | LynnLen the Vampire Enchanter began the quest for the Orb.
     0 | D:1      | Reached XP level 1. HP: 13/13 MP: 3/3
   335 | D:1      | Reached XP level 2. HP: 4/19 MP: 5/5
   589 | D:1      | Reached skill level 5 in Stealth
   629 | D:1      | Found a faded altar of an unknown god.
   729 | D:1      | Gained mutation: You are afflicted with vampirism and can
                  | become a bat while bloodless. [Vampire growth]
   729 | D:1      | Reached XP level 3. HP: 24/24 MP: 6/6
   733 | D:1      | Learned a level 3 spell: Confusing Touch
   736 | D:1      | Learned a level 2 spell: Ensorcelled Hibernation
  1063 | D:2      | Found a runed translucent door.
  1064 | D:2      | Noticed Crazy Yiuf
  1160 | D:2      | Noticed Sigmund
  1214 | D:2      | HP: 1/24 [Sigmund/+0 scythe (9)]
  1219 | D:2      | HP: 1/24 [Sigmund/+0 scythe (2)]
  1222 | D:2      | Killed Sigmund
  1223 | D:2      | Reached skill level 6 in Stealth
  1223 | D:2      | Reached XP level 4. HP: 2/30 MP: 6/8
  1223 | D:2      | Reached XP level 5. HP: 2/35 MP: 6/9
  1340 | D:2      | Learned a level 3 spell: Tukima's Dance
  1876 | D:2      | Killed Crazy Yiuf
  1877 | D:2      | Reached skill level 7 in Stealth
  2031 | D:3      | You fall into a shaft and drop 3 floors!
  2084 | D:6      | Reached XP level 6. HP: 25/41 MP: 10/10
  2187 | D:5      | Entered Level 5 of the Dungeon
  2743 | D:5      | Reached skill level 8 in Stealth
  2931 | D:3      | Noticed Ijyb
  2938 | D:3      | Killed Ijyb
  3127 | D:3      | Reached skill level 5 in Hexes
  3159 | D:3      | Found the +7 staff of the Meek {protect, meekguard}
  3198 | D:3      | Found a stormy altar of Qazlal.
  3414 | D:3      | Found a shadowy altar of Dithmenos.
  3417 | D:3      | Found an ancient bone altar of Kikubaaqudgha.
  3420 | D:3      | Found an iron altar of Okawaru.
  3423 | D:3      | Found a blossoming altar of Fedhas.
  3920 | D:4      | Reached XP level 7. HP: 46/46 MP: 11/11
  3927 | D:4      | Learned a level 3 spell: Dazzling Flash
  4018 | D:4      | Found a staircase to the Ecumenical Temple.
  4047 | Temple   | Entered the Ecumenical Temple
  4051 | Temple   | Became a worshipper of Yredelemnul the Dark
  4138 | D:4      | Reached * piety under Yredelemnul
  4351 | D:4      | Noticed Eustachio
  4356 | D:4      | Killed Eustachio
  4357 | D:4      | Reached skill level 9 in Stealth
  4384 | D:4      | Noticed Blork the orc
  4401 | D:4      | Killed Blork the orc
  4402 | D:4      | Reached skill level 5 in Dodging
  4759 | D:4      | Identified a scroll of acquirement
  4760 | D:4      | Acquired the ring "Giyq" {Fire *Corrode Int+8 SInv Stlth+}
  5441 | D:6      | Reached XP level 8. HP: 52/52 MP: 13/13
  5933 | D:7      | Reached skill level 5 in Short Blades
  6028 | D:7      | Cast into level 1 of the Abyss (gnoll sergeant)
  6106 | Abyss:1  | Noticed a raiju
  6114 | Abyss:1  | Noticed a small abomination
  6118 | Abyss:1  | Noticed an efreet
  6128 | Abyss:1  | Noticed a wretched star
  6164 | Abyss:1  | Noticed a large abomination
  6172 | Abyss:1  | Noticed a thrashing horror
  6174 | Abyss:1  | Noticed a sixfirhy
  6176 | Abyss:1  | Noticed a smoke demon
  6177 | Abyss:1  | Noticed a large abomination
  6197 | Abyss:1  | Noticed a tentacled starspawn
  6202 | Abyss:1  | Slain by a thrashing horror

Illustrated notes

Levels and vault maps discovered:
D:1:      dpeg_arrival_ratfight, layout_basic, basic_ecumenical_altar,
          roderic_serpentine_path, minmay_tromino_mix6
D:2:      layout_rooms, kennysheep_nondescript, st_stairs_12,
          minmay_misc_feat_hallway, uniq_sigmund, uniq_crazy_yiuf_cottage
D:3:      layout_basic, grunt_qazlal_sundering,
          grunt_temple_overflow_cloverleaf, pf_guarded_unrand_meek, uniq_ijyb
D:4:      layout_loops_ring, minmay_temple_entry_crystal_x, kennysheep_nub,
          minmay_ogre_servants, uniq_blork_the_orc, uniq_eustachio
D:5:      layout_basic
D:6:      layout_gridville
D:7:      layout_basic, mainiacjoe_overflow_small_starburst,
          hangedman_minor_gate_pass
Temple:   compressed_dpeg_circular_temple
Abyss:1:  base:
D:3

Skill      XL: |  1  2  3  4  5  6  7  8 |
---------------+-------------------------+-----
Stealth        | 5 6 7 8 9 |  9.8
Short Blades   | 2 3 4 5 |  5.2
Dodging        | 3 4 5 |  5.2
Spellcasting   | 3 4 |  4.1
Hexes          | 5 |  5.7

Action                   |  1- 3 |  4- 6 |  7- 9 || total
-------------------------+-------+-------+-------++-------
Melee: Dagger            |   144 |   160 |   130 ||   434
       Bite              |     9 |    17 |    17 ||    43
       Punch             |       |     3 |     2 ||     5
 Cast: Confusing Touch   |     1 |     9 |     6 ||    16
       Ensorcelled Hiber |       |     1 |       ||     1
  Use: Scroll            |     1 |    12 |     7 ||    20
       Potion            |       |     4 |     3 ||     7
 Stab: Sleeping          |     8 |     9 |     3 ||    20
       Invisible         |       |     1 |       ||     1
       Confused          |       |     2 |     2 ||     4
       Distracted        |       |       |     1 ||     1
Armor: Robe              |    32 |       |       ||    32
       Leather armour    |     2 |    39 |    26 ||    67
Dodge: Dodged            |    93 |    89 |    95 ||   277
